 Dungeon Crawl Stone Soup version 0.28-a0-983-g1de4e0787c (webtiles) character file.

Game seed: 7851511338595361616

947 Peloso the Slasher (level 7, -5/61 HPs)
             Began as a Minotaur Fighter on Dec 3, 2021.
             Slain by a yak (8 damage)
             ... on level 5 of the Dungeon.
             The game lasted 00:06:37 (3871 turns).

Peloso the Slasher (Minotaur Fighter)               Turns: 3871, Time: 00:06:38

Health: -5/61      AC:  9    Str: 18 (20) XL:     7   Next: 89%
Magic:  6/6        EV: 10    Int:  4 (5)  God:
Gold:   150        SH:  4    Dex: 10 (12) Spells: 6/6 levels left

rFire   . . .      SeeInvis .   a - +0 long sword
rCold   . . .      Faith    .   c - +0 buckler
rNeg    . . .      Spirit   .   b - +0 scale mail
rPois   .          Reflect  .   (helmet restricted)
rElec   .          Harm     .   (no cloak)
rCorr   .          Rampage  .   m - +0 pair of gloves
Will    .....                   (no boots)
Stlth   ..........              (no amulet)
HPRegen 0.20/turn               (no ring)
MPRegen 0.10/turn               (no ring)

@: no status effects
A: horns 2, retaliatory headbutt
a: no special abilities


You were on level 5 of the Dungeon.
You visited 1 branch of the dungeon, and saw 6 of its levels.

You collected 195 gold pieces.
You spent 45 gold pieces at shops.

Inventory:

Hand Weapons
 a - a +0 long sword (weapon)
Armour
 b - a +0 scale mail (worn)
 c - a +0 buckler (worn)
 m - a +0 pair of gloves (worn)
Jewellery
 h - a ring of wizardry
 u - an amulet of magic regeneration
 w - a +4 ring of evasion
Wands
 d - a wand of flame (13)
Scrolls
 e - 4 scrolls of identify {unknown}
 f - 3 scrolls of amnesia {unknown}
 j - 2 scrolls of magic mapping
 k - a scroll of fog {unknown}
 n - a scroll of summoning {unknown}
 o - a scroll of enchant armour {unknown}
 p - a scroll of fear {unknown}
 q - a scroll of noise {unknown}
 t - a scroll of teleportation {unknown}
Potions
 g - 2 potions of curing {unknown}
 i - 2 potions of degeneration
 l - a potion of haste {unknown}
 r - a potion of ambrosia {unknown}
 s - a potion of mutation {unknown}
 v - a potion of flight {unknown}


   Skills:
 + Level 5.5 Fighting
 + Level 7.4 Long Blades
 + Level 6.3 Armour
 + Level 2.5 Dodging
 + Level 0.8 Stealth
 + Level 4.8 Shields


You had 6 spell levels left.
You didn't know any spells.
Your spell library contained the following spells:

 Spells                   Type           Power      Damage    Failure   Level
 Ensorcelled Hibernation  Hex/Ice        0%         N/A       94%         2
 Tukima's Dance           Hex            0%         N/A       99%         3
 Passage of Golubria      Tloc           0%         N/A       100%        4
 Yara's Violent Unravell  Hex/Tmut       0%         3d3       100%        5


Dungeon Overview and Level Annotations

Branches:
Dungeon (6/15)
 Temple: D:4-7

Altars:

Shops:
D:1 ?   D:2 *([[!

Annotations:
D:5 Edmund


Innate Abilities, Weirdness & Mutations

You have a pair of horns on your head.
You reflexively headbutt those who attack you in melee.


Message History

The yak bellows!
The bullfrog hits you.
A yak comes into view.
The yak bellows!
You hit the bullfrog.
The bullfrog is almost dead.
You hear a bellow!
The bullfrog misses you.
A yak comes into view.
The yak closely misses you. You furiously retaliate!
You headbutt the yak. You block the bullfrog's attack.
You hear a shout!
You closely miss the bullfrog. You headbutt the bullfrog.
The bullfrog is almost dead.
The bullfrog hits you but does no damage.
The yak gores you! The bullfrog hits you.
* * * LOW HITPOINT WARNING * * *
Unknown command.
You hit the bullfrog.
You kill the bullfrog!
The yak gores you!
* * * LOW HITPOINT WARNING * * *
Unknown command.
You see here a bullfrog corpse.
You block the yak's attack.
Things that are here:
a +0 shortbow; 12 arrows; a +0 robe
There is an open door here.
There is a stone staircase leading up here.
You block the yak's attack.
You climb upwards.
Level annotation: Edmund
There is a stone staircase leading down here.
The yak gores you.
* * * LOW HITPOINT WARNING * * *
It was a potion of degeneration.
There was something very wrong with that liquid.
You feel weakened.
You feel dopey.
You feel clumsy. The yak gores you!
You die...

#####
#...### ##
#.....#
#.##.Y@..##
##.#.......#
#..>.....<.#
#.........##
####.......#
#.........#
#........##
#.........#
#....######


You could see a yak.

Vanquished Creatures
  A black bear (D:4)
  2 centaurs (D:6)
  A phantom (D:3)
  2 bullfrogs (D:6)
  A scorpion (D:4)
  A wyvern skeleton (D:6)
  A centaur zombie (D:6)
  A bullfrog skeleton (D:4)
  A hound (D:4)
  Ijyb (D:3)
  3 iguanas
  An orc wizard (D:6)
  A howler monkey skeleton (D:6)
  4 adders
  A shadow imp (D:6)
  An adder skeleton (D:4)
  3 worms (D:2)
  4 dart slugs
  2 orcs
  6 ball pythons
  6 bats
  6 endoplasms
  9 giant cockroaches
  10 goblins
  5 hobgoblins
  9 jackals
  8 quokkas
  4 frilled lizards
  7 kobolds
  3 rats
105 creatures vanquished.

Notes
Turn   | Place    | Note
-------+----------+-------------------------------------------
     0 | D:1      | Peloso the Minotaur Fighter began the quest for the Orb.
     0 | D:1      | Reached XP level 1. HP: 19/19 MP: 0/0
   148 | D:1      | Reached XP level 2. HP: 13/27 MP: 1/1
   361 | D:1      | Found Curaer's Magic Scroll Emporium.
   528 | D:1      | Bought a scroll of magic mapping for 45 gold pieces
   682 | D:1      | Reached XP level 3. HP: 27/33 MP: 2/2
   864 | D:2      | Reached skill level 3 in Long Blades
   983 | D:2      | Found Vig Dico's Weapon Boutique.
   994 | D:2      | Found Yxuitz's Armour Shoppe.
  1138 | D:2      | Found Hatenidu's Distillery.
  1160 | D:2      | Reached XP level 4. HP: 23/40 MP: 3/3
  1329 | D:2      | Found Qucloe's Armour Boutique.
  1498 | D:2      | Found Cinim's Assorted Antiques.
  1620 | D:3      | Noticed a phantom
  1642 | D:3      | Killed a phantom
  1643 | D:3      | Reached skill level 4 in Long Blades
  1643 | D:3      | Reached skill level 5 in Armour
  1643 | D:3      | Reached XP level 5. HP: 23/47 MP: 4/4
  1843 | D:3      | Noticed Ijyb
  1854 | D:3      | Killed Ijyb
  2056 | D:3      | Found a faded altar of an unknown god.
  2739 | D:4      | Reached skill level 1 in Dodging
  2765 | D:4      | Noticed a black bear
  2780 | D:4      | Killed a black bear
  2781 | D:4      | Reached skill level 5 in Long Blades
  2781 | D:4      | Reached XP level 6. HP: 52/53 MP: 5/5
  3248 | D:5      | Entered Level 5 of the Dungeon
  3270 | D:5      | Noticed Edmund
  3346 | D:6      | Reached skill level 6 in Long Blades
  3346 | D:6      | Reached XP level 7. HP: 44/60 MP: 6/6
  3351 | D:6      | Identified the +8 spear of the Thickets {spect, rPois Int+3
                  | Dex-5}
  3511 | D:6      | Reached skill level 5 in Fighting
  3798 | D:6      | Reached skill level 7 in Long Blades
  3834 | D:6      | Noticed a yak
  3836 | D:6      | Noticed a yak
  3836 | D:6      | Noticed a yak
  3840 | D:6      | Noticed a yak
  3841 | D:6      | Noticed a yak
  3842 | D:6      | Noticed a yak
  3844 | D:6      | HP: 3/61 [yak (12)]
  3870 | D:5      | HP: 3/61 [yak (6)]
  3871 | D:5      | Slain by a yak

Illustrated notes

Levels and vault maps discovered:
D:1:      psy_arrival_statuary, layout_rooms, serial_shops, nicolae_shop_stone,
          minmay_split_cup_large
D:2:      layout_rooms, serial_shops, shop, nicolae_shop_behind_doors, shop,
          shop, nicolae_shop_hallway_plus, guppyfry_early_lair_pool
D:3:      layout_loops_cross, ebering_ecumenical_altar_rust,
          kennysheep_flooded_box, minmay_box_of_dots, uniq_ijyb
D:4:      layout_cave_pools
D:5:      layout_cave_pools, serial_shops, shop, minmay_manual_maat,
          uniq_menkaure, uniq_edmund, uniq_crazy_yiuf_cottage
D:6:      layout_basic, grunt_dithmenos_smoke, uniq_sigmund

Skill      XL: |  1  2  3  4  5  6  7 |
---------------+----------------------+-----
Armour         | 4 5 6 |  6.3
Fighting       | 4 5 |  5.5
Shields        | 4 |  4.8
Long Blades    | 3 4 5 6 7 |  7.4
Dodging        | 1 2 |  2.5
Stealth        | |  0.8

Action                   |  1- 3 |  4- 6 |  7- 9 || total
-------------------------+-------+-------+-------++-------
Melee: Long sword        |    96 |   124 |    45 ||   265
       Headbutt          |    15 |    21 |    10 ||    46
  Use: Potion            |       |     1 |     1 ||     2
Armor: Scale mail        |    46 |    43 |    21 ||   110
Dodge: Dodged            |    48 |    55 |    23 ||   126
Block: Buckler           |    28 |    24 |    10 ||    62

Table legend: (Time is in decaauts)
 A = Elapsed time spent in this place.
 B = Non-inter-level travel time spent in this place.
 C = Inter-level travel time spent in this place.
 D = Time resting spent in this place.
 E = Time spent auto-exploring this place.
 F = Levels seen in this place.
 G = Mean time per level.
                   A        B        C        D        E       F      G
               +--------+--------+--------+--------+--------+-----+--------+
         Total |   3920 |   3812 |    108 |      0 |   2942 |   6 |  653.3 |
       Dungeon |   3920 |   3812 |    108 |      0 |   2942 |   6 |  653.3 |
               +--------+--------+--------+--------+--------+-----+--------+

Top non-repeatable levels by time:
     D:3: 1130 daAuts
     D:1: 844 daAuts
     D:2: 779 daAuts
     D:6: 557 daAuts
     D:4: 552 daAuts
     D:5: 57 daAuts
